Map: Deathaura LE

Players

lllllllllll (sOs) - Winner!

  • Race: Protoss Protoss
  • League: Grandmaster
  • Spawn Location: 5:00

Bunny

  • Race: Terran Terran
  • League: Gold
  • Spawn Location: 11:00

Event: War Chest Team League

VOD

Have the link to the VOD?

Description

Time

  • Played on: Aug. 16, 2020, 6:40 a.m.
  • Length: 7:19
Show
View Real Time Build Order
Export as new Build Order

lllllllllll Protoss - Winner!

Build Orders: 1 Gate Expand, Phoenix Opening, Blink Stalkers 

Get SALT Encoding   

  12  0:00  Probe  
  13  0:12  Probe  
  14  0:17  Pylon  
  14  0:24  Probe (Chrono Boost)  
  16  0:36  Gateway, Probe (Chrono Boost)  
  16  0:43  Probe (Chrono Boost)  
  16  0:45  Assimilator  
  17  0:50  Probe  
  18  1:03  Probe  
  19  1:15  Probe  
  20  1:21  Nexus  
  20  1:31  Cybernetics Core  
  20  1:34  Probe  
  20  1:39  Assimilator  
  21  1:46  Probe  
  22  1:50  Pylon  
  22  1:58  Probe  
  23  2:07  Sentry (Chrono Boost)  
  23  2:10  Probe  
  23  2:11  Warp Gate  
  26  2:15  Shield Battery  
  26  2:23  Probe (Chrono Boost)  
  26  2:25  Stalker  
  29  2:33  Probe (Chrono Boost), Phoenix  
  31  2:41  Probe (Chrono Boost)  
  31  2:42  Twilight Council  
  31  2:43  Probe (Chrono Boost)  
  32  2:49  Probe (Chrono Boost)  
  33  2:52  Probe (Chrono Boost)  
  33  2:55  Stalker  
  36  3:02  Probe (Chrono Boost)  
  36  3:04  Probe (Chrono Boost)  
  38  3:07  Gateway, Probe (Chrono Boost)  
  39  3:12  Blink (Chrono Boost)  
  39  3:14  Probe  
  40  3:25  Shield Battery  
  40  3:30  Probe  
  40  3:31  Probe  
  40  3:33  Robotics Facility  
  42  3:38  Pylon  
  42  3:43  Probe  
  42  3:44  Probe  
  42  3:46  Pylon  
  44  3:58  Probe x2  
  44  4:01  Stalker  
  44  4:02  Stalker  
  50  4:05  Assimilator  
  50  4:14  Probe x2  
  50  4:21  Observer (Chrono Boost)  
  51  4:25  Stalker x2  
  51  4:30  Assimilator, Probe x2  
  57  4:45  Probe x2  
  55  4:56  Stalker x2, Gateway  
  59  5:04  Pylon  
  59  5:09  Immortal (Chrono Boost)  
  48  5:22  Sentry  
  45  5:47  Stalker  
  44  6:03  Probe x2  
  46  6:10  Stalker  
  44  6:16  Probe x2  
  39  6:20  Stalker  
  36  6:28  Probe  
  37  6:36  Pylon  
  37  6:38  Stalker  
  38  6:46  Probe x2  
  40  6:54  Stalker x2  
Show
View Real Time Build Order
Export as new Build Order

Bunny Terran 

Build Orders: 1/1/1, Widow Mine Drop 

Get SALT Encoding   

  12  0:00  SCV  
  13  0:12  SCV  
  14  0:17  Supply Depot  
  14  0:24  SCV  
  14  0:27  Refinery  
  15  0:38  SCV  
  16  0:44  Barracks  
  16  0:51  SCV  
  16  0:56  Supply Depot  
  17  1:03  SCV  
  18  1:22  SCV  
  19  1:32  Marine  
  20  1:34  Orbital Command  
  20  1:36  Factory  
  20  1:40  Refinery  
  20  1:56  Barracks Reactor  
  20  1:59  SCV  
  21  2:12  SCV  
  21  2:14  Supply Depot  
  22  2:21  Starport  
  22  2:22  Widow Mine  
  24  2:24  SCV  
  25  2:32  Marine  
  25  2:33  Marine  
  25  2:36  SCV  
  28  2:43  Widow Mine  
  30  2:49  SCV  
  30  2:50  Marine x2  
  33  2:51  Supply Depot  
  33  2:58  Medivac  
  33  3:02  Armory  
  35  3:06  Widow Mine  
  35  3:08  Marine x2  
  39  3:15  Supply Depot  
  39  3:19  SCV  
  40  3:26  Marine x2  
  42  3:28  Factory Tech Lab  
  42  3:38  Supply Depot  
  42  3:49  Thor  
  42  3:50  Marine  
  42  3:52  Marine  
  50  4:01  Supply Depot  
  50  4:05  Medivac  
  50  4:08  Marine  
  50  4:09  Marine  
  53  4:15  SCV  
  53  4:16  Supply Depot  
  55  4:26  Marine  
  55  4:30  Marine  
  55  4:48  Thor  
  57  5:06  Medivac  
  59  5:11  Marine x2  
  49  5:41  Medivac, Marine x2  
  48  6:01  Marine x2  
  37  6:18  Marine x2  
  28  6:36  Medivac  
  28  6:39  Marine x2  
  35  6:57  Marine x2  
Tags
 
Add a new tag
Caveats
  • Supply blocks, unpowered buildings, or Contaminate may cause inaccurate times.
  • Supply counts are checked every 10 seconds.